 Dungeon Crawl Stone Soup version 0.14-a0-987-gc8002fa (webtiles) character file.

11 Inkie the Digger (level 2, 0/15 HPs)
             Began as a Gargoyle Earth Elementalist on Nov 21, 2013.
             Slain by an adder (2 damage)
             ... on Level 1 of the Dungeon.
             The game lasted 00:02:03 (740 turns).

Inkie the Digger (Gargoyle Earth Elementalist)       Turns: 740, Time: 00:02:03

HP   0/15        AC  4     Str 11      XL: 2   Next: 25%
MP   2/4         EV 12     Int 15      God:
Gold 0           SH  0     Dex 10      Spells:  1 memorised,  2 levels left

Res.Fire  : . . .   See Invis. : .   b - 44 stones
Res.Cold  : . . .   Warding    : .   c - +0 robe
Life Prot.: + . .   Conserve   : .   (no shield)
Res.Poison: +       Res.Corr.  : .   (no helmet)
Res.Elec. : +       Clarity    : .   (no cloak)
Sust.Abil.: . .     Spirit.Shd : .   (no gloves)
Res.Mut.  : .       Stasis     : .   (no boots)
Res.Rott. : +       Flight     : .   (no amulet)
Saprovore : . . .                    (no ring)
                                     (no ring)

@: not resistant to hostile enchantments, fairly stealthy
A: fangs 1, talons 2, life protection 1, electricity resistance, slow metabolism
1, unbreathing, petrification resistance, AC +2
a: no special abilities


You were on level 1 of the Dungeon.
You were not hungry.

You visited 1 branch of the dungeon, and saw 1 of its levels.

Inventory:

Missiles
 b - 44 stones (in hand)
 e - 3 tomahawks (quivered)
Armour
 c - a +0 robe (worn)
Comestibles
 a - a bread ration
Scrolls
 f - a scroll of enchant weapon II {unknown}
 g - 2 scrolls of amnesia {unknown}
 j - 2 scrolls of identify {unknown}
Jewellery
 h - a +3 ring of intelligence {unknown}
Potions
 i - a potion of brilliance {unknown}
 k - a potion of curing {unknown}
Books
 d - a book of Geomancy

   Spells                             Type                      Level
   *Sandblast                         Earth                        1
   Stoneskin                          Transmutation/Earth          2
   Passwall                           Transmutation/Earth          3
   Stone Arrow                        Conjuration/Earth            3
   Petrify                            Transmutation/Earth          4
   Lee's Rapid Deconstruction         Earth                        5


   Skills:
 - Level 1.5 Dodging
 - Level 2.1 Stealth
 - Level 1.0 Spellcasting
   Level 0.7 Transmutations
 + Level 4.4 Earth Magic


You had 2 spell levels left.
You knew the following spells:

 Your Spells              Type           Power        Failure   Level  Hunger
a - Sandblast             Erth           ##....       4%          1    ##.....


Dungeon Overview and Level Annotations

Branches:
Dungeon (1/16)

Altars:


Innate Abilities, Weirdness & Mutations

You are resistant to torment.
You are immune to poison.
Your stone body is very resilient (AC +2).
You have very sharp teeth.
You have razor-sharp toenails.
You resist negative energy.
You are resistant to electric shocks.
You have a slow metabolism.
You can survive without breathing.
You are immune to petrification.


Message History

* * * LOW HITPOINT WARNING * * *
Wield which item (- for none, * to show all)? (? for menu, Esc to quit)
b - 46 stones (in hand)
Casting: Sandblast
Confirm with . or Enter, or press ? or * to list all spells.
Aiming: Sandblast
Press: ? - help, Shift-Dir - straight line, f/p - adder
Aim: an adder (lightly wounded)
The rocky blast misses the adder.
The adder bites you but does no damage. The adder bites you.
* * * LOW HITPOINT WARNING * * *
Casting: Sandblast
Confirm with . or Enter, or press ? or * to list all spells.
Aiming: Sandblast
Press: ? - help, Shift-Dir - straight line, f/p - adder
Aim: an adder (lightly wounded)
The rocky blast hits the adder.
The adder is severely wounded.
The adder bites you.
You die...

#.# ####### ######'##
#(.....##........
#......##........
#......##........
#......##...[....
#......#######.##
##########S.....#######.##
..........@................
#########.##......####..#.#.
......(...##....[.# #..#+#.
...................# #......
.............####### #......
.#########......# ###.#....
#......+ .........
###......#######.####.
#...................#.


You could see an adder.

Vanquished Creatures
  A giant gecko (D:1)
  An ooze (D:1)
  2 hobgoblins (D:1)
  2 bats (D:1)
  2 giant newts (D:1)
  A goblin (D:1)
9 creatures vanquished.

Notes
Turn   | Place    | Note
--------------------------------------------------------------
     0 | D:1      | Inkie, the Gargoyle Earth Elementalist, began the quest for the Orb.
     0 | D:1      | Reached XP level 1. HP: 10/10 MP: 3/3
   287 | D:1      | Reached skill level 4 in Earth Magic
   439 | D:1      | Reached XP level 2. HP: 12/15 MP: 4/4
   740 | D:1      | Slain by an adder

Action                   || total
-------------------------++-------
Melee: Unarmed           ||    55
Throw: Tomahawk          ||     2
 Cast: Sandblast         ||     2
